 Dungeon Crawl Stone Soup version 0.29.0-4-gdea44cf6ec (webtiles) character file.

Game seed: 18333493455668488865

4 qw the Firebug (level 1, 0/14 HPs)
             Began as a Ghoul Fire Elementalist on Aug 29, 2022.
             Slain by a kobold
             ... wielding a +0 short sword of protection
              (2 damage)
             ... on level 1 of the Dungeon.
             The game lasted 00:00:15 (563 turns).

qw the Firebug (Ghoul Fire Elementalist)             Turns: 563, Time: 00:00:16

Health: 0/14       AC:  2    Str: 11    XL:     1   Next: 60%
Magic:  2/2        EV: 12    Int: 10    God:
Gold:   28         SH:  0    Dex:  9    Spells: 2/3 levels left

rFire   . . .      SeeInvis .     - Unarmed
rCold   + . .      Faith    .   (no shield)
rNeg    + + +      Spirit   .   a - +0 robe
rPois   inf        Reflect  .   (no helmet)
rElec   .          Harm     .   (no cloak)
rCorr   .          Rampage  .   (no gloves)
Will    .....                   (no boots)
Stlth   ++........              (no amulet)
HPRegen 0.00/turn               (no ring)
MPRegen 0.08/turn               (no ring)

@: inhibited regen
A: claws 1, cold resistance 1, negative energy resistance 3, inhibited
regeneration, torment resistance 2, devour on kill
a: no special abilities


You were on level 1 of the Dungeon.
You visited 1 branch of the dungeon, and saw 1 of its levels.

You collected 28 gold pieces.


Innate Abilities, Weirdness & Mutations

You are immune to poison.
You have sharp fingernails.
Your flesh is cold resistant. (rC+)
You are immune to negative energy. (rN+++)
You do not regenerate when monsters are visible.
You are immune to unholy pain and torment.
You thrive by killing the living.


   Skills:
 + Level 0.0 Fighting
 - Level 1.7 Dodging
 - Level 2.1 Stealth
 - Level 1.2 Unarmed Combat
 - Level 1.7 Spellcasting
 - Level 0.7 Conjurations
 - Level 2.4 Fire Magic


You had 2 spell levels left.
You knew the following spells:

 Your Spells              Type           Power      Damage    Failure   Level
a - Foxfire               Conj/Fire      16%        2x1d4     17%         1

Your spell library contained the following spells:

 Spells                   Type           Power      Damage    Failure   Level
 Scorch                   Fire           10%        2d6       19%         2
 Conjure Flame            Conj/Fire      4%         6-21      45%         3
 Inner Flame              Hex/Fire       3%         N/A       52%         3
 Flame Wave               Conj/Fire      4%         2d5       86%         4

Inventory:

Armour
 a - a +0 robe (worn)
 d - a +0 ring mail
Potions
 b - a potion of magic
 c - a potion of curing {unknown}

Dungeon Overview and Level Annotations

Branches:
Dungeon (1/15)

Altars:


Message History

The quokka is almost dead.
The quokka bites you.
You barely miss the quokka.
The quokka is almost dead.
The quokka barely misses you.
You closely miss the quokka.
The quokka is almost dead.
The quokka barely misses you.
You scratch the quokka.
You kill the quokka!
Your Unarmed Combat skill increases to level 1!
You start resting.
HP restored.
You now have 28 gold pieces (gained 16).
A kobold comes into view. It is wielding a +0 dagger.
The kobold shouts!
A kobold comes into view.
It is wielding a +0 short sword of protection.
You barely miss the kobold. The kobold hits you with a +0 dagger.
You closely miss the kobold. The kobold misses you.
555 ||| Stepping ~*~*~tactically~*~*~ (outnumbered).
556 ||| Stepping ~*~*~tactically~*~*~ (outnumbered).
The kobold attacks as you move away!
The kobold hits you with a +0 short sword of protection.
557 ||| Stepping ~*~*~tactically~*~*~ (outnumbered).
The kobold attacks as you move away! The kobold misses you.
558 ||| Stepping ~*~*~tactically~*~*~ (outnumbered).
The kobold attacks as you move away!
The kobold hits you with a +0 short sword of protection.
559 ||| Stepping ~*~*~tactically~*~*~ (outnumbered).
560 ||| Stepping ~*~*~tactically~*~*~ (outnumbered).
561 ||| Stepping ~*~*~tactically~*~*~ (outnumbered).
The kobold attacks as you move away!
The kobold hits you with a +0 short sword of protection.
562 ||| Stepping ~*~*~tactically~*~*~ (outnumbered).
You closely miss the kobold. The kobold hits you with a +0 dagger.
The kobold hits you with a +0 short sword of protection.
You die...

............'...................
...........##..................#
...........##..................#
#####.#######...........##.....#
#####'#######...........# ##...#
........................# #.$#
..........###.......%...# #.#
............#...KK......# .#
............#...@.......#
............#.####......#
..........###.###########
..........#...##.>.##
..........#.###..<..##
..........'.##.......##
..........###..}...}..##
#'##########...........##
...#...# #.}....}....}.##


You could see 2 kobolds.

Vanquished Creatures
  A bat (D:1)
  A quokka (D:1)
  A frilled lizard (D:1)
  A rat (D:1)
4 creatures vanquished.

Notes
Turn   | Place    | Note
-------+----------+-------------------------------------------
     0 | D:1      | qw the Ghoul Fire Elementalist began the quest for the Orb.
     0 | D:1      | Reached XP level 1. HP: 14/14 MP: 2/2
     0 | D:1      | 0 ||| qw: Version: 0.1-a-90-g952f4b7
     0 | D:1      | 0 ||| qw: Game counter: 4179
     0 | D:1      | 0 ||| qw: Always use a shield: true
     0 | D:1      | 0 ||| qw: God list: Okawaru
     0 | D:1      | 0 ||| qw: Allow faded altars: false
     0 | D:1      | 0 ||| qw: Do Orc after D:15 true
     0 | D:1      | 0 ||| qw: Do second Lair branch before Depths: true
     0 | D:1      | 0 ||| qw: Lair rune preference: random
     0 | D:1      | 0 ||| qw: Plans: Normal
     0 | D:1      | 0 ||| PLANNING D:1-11
   317 | D:1      | Reached skill level 1 in Unarmed Combat
   555 | D:1      | 555 ||| Stepping ~*~*~tactically~*~*~ (outnumbered).
   556 | D:1      | 556 ||| Stepping ~*~*~tactically~*~*~ (outnumbered).
   557 | D:1      | 557 ||| Stepping ~*~*~tactically~*~*~ (outnumbered).
   558 | D:1      | 558 ||| Stepping ~*~*~tactically~*~*~ (outnumbered).
   559 | D:1      | 559 ||| Stepping ~*~*~tactically~*~*~ (outnumbered).
   560 | D:1      | 560 ||| Stepping ~*~*~tactically~*~*~ (outnumbered).
   561 | D:1      | 561 ||| Stepping ~*~*~tactically~*~*~ (outnumbered).
   562 | D:1      | 562 ||| Stepping ~*~*~tactically~*~*~ (outnumbered).
   563 | D:1      | HP: 2/14 [kobold/+0 dagger (2)]
   563 | D:1      | Slain by a kobold

Levels and vault maps discovered:
D:1:      dpeg_arrival_lava_temple_mockup, layout_basic

Skill      XL: |  1 |
---------------+----+-----
Unarmed Combat | 1 |  1.2
Dodging        | |  1.7
Stealth        | |  2.1
Spellcasting   | |  1.7
Conjurations   | |  0.7
Fire Magic     | |  2.4

Action                   || total
-------------------------++-------
Melee: Unarmed           ||    23
Armor: Robe              ||     4
Dodge: Dodged            ||    13

Table legend:
 A = Non-vault XP
 B = Vault XP
 C = Vault XP percentage of total XP
 D = Non-vault monster count
 E = Vault monster count
 F = Vault count percentage of total count
                 A         B        C        D         E       F
            +---------+---------+-------+---------+---------+-------
      Total |       6 |       0 |   0.0 |       4 |       0 |   0.0
            +---------+---------+-------+---------+---------+-------
        D:1 |       6 |       0 |   0.0 |       4 |       0 |   0.0
            +---------+---------+-------+---------+---------+-------
